Map: Port Aleksander LE

Players

goblin - Winner!

  • Race: Protoss Protoss
  • Spawn Location: 5:00

SouLeer

  • Race: Zerg Zerg
  • Spawn Location: 11:00

Event: 2019 WCS Spring

VOD

Have the link to the VOD?

Description

Time

  • Played on: May 17, 2019, 6:45 a.m.
  • Length: 5:30

All games in this series

Show
View Real Time Build Order
Export as new Build Order

goblin Protoss - Winner!

Build Orders: 1 Gate Expand 

Get SALT Encoding   

  12  0:00  Probe  
  13  0:12  Probe  
  14  0:20  Pylon  
  14  0:24  Probe  
  15  0:34  Probe  
  15  0:40  Gateway  
  15  0:42  Probe  
  16  0:48  Assimilator  
  17  0:52  Probe  
  18  1:04  Probe  
  19  1:21  Nexus  
  19  1:24  Probe  
  20  1:34  Cybernetics Core  
  20  1:37  Probe  
  21  1:43  Assimilator  
  21  1:49  Probe  
  21  1:53  Pylon  
  22  1:59  Probe  
  22  2:01  Stalker  
  22  2:07  Probe  
  26  2:16  Probe, Robotics Facility  
  27  2:28  Probe  
  27  2:29  Probe  
  28  2:32  Sentry  
  31  2:37  Probe  
  31  2:40  Probe  
  31  2:44  Warp Gate  
  33  2:47  Probe  
  34  2:52  Probe  
  34  2:54  Gateway, Warp Prism  
  35  2:59  Probe  
  38  3:10  Twilight Council  
  38  3:21  Immortal  
  42  3:42  Gateway x2  
  42  3:49  Charge  
  42  3:58  Immortal, Gateway  
  46  4:04  Gateway  
  46  4:07  Gateway  
  46  4:13  Gateway  
  46  4:26  Pylon  
  46  4:28  Pylon  
  46  4:46  Pylon  
  46  4:49  Zealot  
  48  4:53  Pylon  
  48  4:56  Cybernetics Core  
  48  4:57  Pylon  
  48  5:03  Gateway  
  48  5:04  Pylon  
  48  5:06  Zealot x3  
  53  5:23  Zealot x3  
Show
View Real Time Build Order
Export as new Build Order

SouLeer Zerg 

Build Orders: Hatch First 

Get SALT Encoding   

  12  0:00  Drone  
  13  0:12  Overlord  
  13  0:22  Overlord  
  13  0:32  Drone x2  
  15  0:37  Drone  
  16  0:58  Hatchery  
  16  1:02  Drone  
  16  1:07  Drone  
  17  1:12  Drone  
  18  1:21  Extractor  
  17  1:26  Spawning Pool  
  17  1:28  Drone  
  17  1:32  Drone  
  18  1:39  Drone  
  19  1:56  Drone  
  20  2:04  Drone  
  21  2:13  Queen x2, Zergling x2  
  21  2:14  Zergling x2  
  27  2:22  Metabolic Boost  
  27  2:23  Drone x2  
  29  2:37  Drone x2  
  29  2:44  Overlord  
  31  2:45  Drone  
  31  2:48  Queen  
  34  2:55  Drone x2  
  34  2:57  Extractor  
  35  3:02  Lair  
  36  3:05  Drone x2  
  37  3:17  Drone x2  
  39  3:21  Overlord  
  39  3:23  Zergling x8  
  39  3:25  Zergling x2  
  44  3:31  Overlord  
  44  3:37  Spore Crawler  
  43  3:43  Zergling x6  
  43  3:46  Queen  
  48  3:54  Overlord  
  48  4:01  Nydus Network, Zergling x4  
  49  4:05  Zergling x2  
  49  4:08  Zergling x2  
  51  4:12  Zergling x4  
  51  4:16  Zergling x4  
  55  4:19  Zergling x2  
  56  4:24  Zergling x2  
  56  4:25  Zergling x4  
  56  4:29  Zergling x2  
  56  4:30  Zergling x2  
  59  4:35  Zergling x2  
  59  4:41  Nydus Canal  
  59  4:43  Zergling x2  
  59  4:45  Overlord  
  58  4:49  Zergling x4  
  58  4:52  Zergling x2, Nydus Canal  
  58  5:01  Zergling x2  
  58  5:02  Zergling x4  
  58  5:06  Zergling x4, Nydus Canal  
  61  5:12  Zergling x2  
Tags
 
Add a new tag
Caveats
  • Supply blocks, unpowered buildings, or Contaminate may cause inaccurate times.
  • Supply counts are checked every 10 seconds.